 Dungeon Crawl Stone Soup version 0.20-a0-1089-g3fde505 (webtiles) character file.

21 Goblin1989 the Sneak (level 2, 0/14 HPs)
             Began as a Spriggan Assassin on May 3, 2017.
             Slain by a bullfrog (1 damage)
             ... on level 6 of the Dungeon.
             The game lasted 00:04:25 (570 turns).

Goblin1989 the Sneak (Spriggan Assassin)             Turns: 570, Time: 00:04:26

Health: 0/14       AC:  3    Str:  7    XL:     2   Next: 65%
Magic:  3/3        EV: 17    Int: 12    God:
Gold:   38         SH:  0    Dex: 17    Spells: 1/1 levels left

rFire    . . .     SeeInvis +   a - +2 dagger
rCold    . . .     Gourm    .   (shield restricted)
rNeg     . . .     Faith    .   c - +0 robe
rPois    .         Spirit   .   (helmet restricted)
rElec    .         Reflect  .   d - +0 cloak
rCorr    .         Harm     .   (gloves unavailable)
MR       .....                  (boots unavailable)
Stlth    ++........             (no amulet)
Regen    0.1/turn               (no ring)
MPRegen  0.1/turn               (no ring)

@: slow
A: unfitting armour, see invisible, herbivore 3, speed 3, slow metabolism 2
a: no special abilities


You were on level 6 of the Dungeon.
You were not hungry.

You visited 1 branch of the dungeon, and saw 5 of its levels.

You collected 38 gold pieces.

Inventory:

Hand Weapons
 a - a +2 dagger (weapon)
 b - a +0 club
 k - a +0 hunting sling
 m - a +0 hand axe
 n - a +0 dagger
 r - a +0 spear
 s - a +0 club
 w - a +0 blowgun {@w1}
Missiles
 f - 2 curare-tipped needles
 g - 25 poisoned needles
 i - 33 stones (quivered)
 p - 43 arrows
 q - 35 bolts
 Z - 2 throwing nets {!d, =f}
Armour
 c - a +0 robe (worn)
 d - a +0 cloak (worn)
 l - a +0 leather armour
 t - a +0 chain mail
 v - a +0 pair of boots
 A - a +0 pair of gloves
 B - the cursed +1 ring mail "Qiroaleq" {rC+ Dex+4, unknown}
   (You found it on level 4 of the Dungeon)

   It affects your dexterity (+4).
   It protects you from cold.
   It has a curse placed upon it.
Jewellery
 z - an uncursed ring of stealth {unknown}
Scrolls
 j - 2 scrolls of magic mapping {unknown}
 x - a scroll of fog {unknown}
 y - a scroll of recharging {unknown}
Potions
 h - a potion of heal wounds {unknown}
 u - a potion of curing {unknown}
Comestibles
 e - a bread ration {@e1}
 o - 2 fruits


   Skills:
 - Level 1.5 Fighting
 - Level 2.1 Short Blades
 - Level 2.0 Throwing
 - Level 1.5 Dodging
 + Level 7.2 Stealth


You had one spell level left.
You didn't know any spells.

Dungeon Overview and Level Annotations

Branches:
Dungeon (4/15)
 Temple: D:4-7

Altars:
Fedhas
Qazlal

Annotations:
D:3 exclusion: Terence, Terence


Innate Abilities, Weirdness & Mutations

You are very small and have problems with some larger weapons.
You are too small for most types of armour.
You have supernaturally acute eyesight. (SInv)
You are a herbivore.
You cover ground extremely quickly.
You need consume almost no food.


Message History

You impale the bat!!
You kill the bat!
Your Stealth skill increases to level 7!
An orc comes into view. It is wielding a club.
Things that are here:
a spear; 16 gold pieces The helpless orc fails to defend itself.
You impale the orc!!
You kill the orc!
r - a spear You now have 38 gold pieces (gained 16).
Things that are here:
a club; a chain mail
s - a club;
t - a chain mail You see here a bat corpse.
u - a viscous purple potion
g - 25 poisoned needles (gained 17)
A worm comes into view.
You see here a pair of boots.
v - a pair of boots A leopard gecko comes into view.
Found a stone staircase leading down.
You see here a scroll labeled BUIF OQIOSTUYF.
x - a scroll labeled BUIF OQIOSTUYF
Found a blossoming altar of Fedhas.
You see here a scroll labeled INIWELEOZA.
y - a scroll labeled INIWELEOZA
There are no items here.
Found a stormy altar of Qazlal.
A kobold comes into view.
You see here an encrusted ruby ring.
z - an encrusted ruby ring
There is a stone staircase leading down here.
The helpless leopard gecko fails to defend itself.
You impale the leopard gecko!!
You kill the leopard gecko!
You see here a leopard gecko corpse.
A giant cockroach comes into view.
You see here a pair of gloves.
A - a pair of gloves Marking area around Terence as unsafe for travelling.
Terence the Incautious comes into view.
He is wielding a hand axe.
A rat and a hobgoblin come into view.
Unknown command.
You see here a leopard gecko corpse.
There is a stone staircase leading down here.
You climb downwards.
An adder and a giant cockroach come into view.
There is a stone staircase leading up here.
The helpless giant cockroach fails to defend itself.
You impale the giant cockroach!!
You kill the giant cockroach!
You see here a brightly glowing ring mail.
B - a brightly glowing ring mail
There is a stone staircase leading up here.
You climb upwards.
Level annotation: exclusion: Terence, Terence
There is a stone staircase leading down here.
There is a stone staircase leading down here.
The kobold shouts!
The kobold throws a stone.
The stone closely misses you.
There is a shaft here.
You fall through a shaft for 3 floors!
The shaft crumbles and collapses.
An adder, a jackal, a bullfrog, a black bear and a crimson imp come into view.
The crimson imp shouts!
The black bear growls angrily.
A water moccasin and a bullfrog come into view.
The bullfrog gives a loud, deep croak!
The water moccasin moves out of view.
You hit the crimson imp but do no damage.
The crimson imp hits you.
A leopard gecko and a zombie come into view.
You take 1 damage, and have 13/14 hp.
An adder zombie comes into view.
The water moccasin bites the plant.
The plant is poisoned.
The water moccasin poisons the plant!
The water moccasin bites the plant.
The water moccasin bites the plant but does no damage.
The bullfrog hits the plant.
Health restored: 14 You enter the shallow water.
Moving in this stuff is going to be slow.
The bullfrog hits you.
You take 1 damage, and have 13/14 hp.
You enter the shallow water.
Moving in this stuff is going to be slow.
The bullfrog hits you. The bullfrog barely misses you.
The hound zombie bites you but does no damage.
The crimson imp hits the plant but does no damage.
You take 3 damage, and have 10/14 hp.
MASSIVE DAMAGE!!
The hound zombie barely misses you. The bullfrog hits you.
* * * LOW HITPOINT WARNING * * *
You take 6 damage, and have 4/14 hp.
MASSIVE DAMAGE!!
The bullfrog closely misses you. The hound zombie closely misses you.
The bullfrog hits you.
* * * LOW HITPOINT WARNING * * *
The hound zombie splashes around in the water.
The bullfrog hits you.
You die...

... ..█ ..
.. █.█
.%███..
......P..███
......≈.P.█
...≈≈≈.P@.█
..P≈≈.≈FFP█
█...≈≈≈SZ♣█
█..≈.≈≈h≈S█
█.♣≈≈≈h≈..█
█...≈≈≈5≈♣█
█.█≈PP≈Z≈.█
█.♣≈≈≈.≈P.█
█.█.≈≈≈P.██


You could see a water moccasin, a black bear, 2 bullfrogs, a crimson imp, an
adder, an adder zombie, a hound zombie and a jackal.

Vanquished Creatures
  An ooze (D:1)
  A leopard gecko (D:3)
  An orc (D:3)
  A giant cockroach (D:4)
  5 goblins
  3 bats
  A frilled lizard (D:1)
13 creatures vanquished.

Notes
Turn   | Place    | Note
-------+----------+-------------------------------------------
     0 | D:1      | Goblin1989 the Spriggan Assassin began the quest for the Orb.
     0 | D:1      | Reached XP level 1. HP: 10/10 MP: 2/2
     8 | D:1      | Reached skill level 6 in Stealth
   104 | D:1      | Reached XP level 2. HP: 8/14 MP: 3/3
   336 | D:3      | Reached skill level 7 in Stealth
   390 | D:3      | Found a blossoming altar of Fedhas.
   393 | D:3      | Found a stormy altar of Qazlal.
   442 | D:3      | Noticed Terence
   492 | D:4      | Got a brightly glowing ring mail
   546 | D:3      | You fall through a shaft for 3 floors!
   546 | D:6      | Noticed a crimson imp
   546 | D:6      | Noticed a bullfrog
   546 | D:6      | Noticed a black bear
   550 | D:6      | Noticed a water moccasin
   550 | D:6      | Noticed a bullfrog
   570 | D:6      | Slain by a bullfrog

Vault maps used:
D:1:      dpeg_arrival_simpleton_c, hangedman_decor_clover_reticule
D:2:      bloody_trog, lemuel_doored_altar, first_bread
D:3:      grunt_temple_overflow_forces_of_nature, okawaru_altar_gauntlet_db,
          uniq_terence
D:4:      lemuel_round_altar, temple_fountains, uniq_grinder,
          uniq_blork_the_orc, uniq_natasha
D:6:      serial_bayou, serial_bayou_pond_c, serial_bayou_pond_e,
          serial_bayou_pond_b, serial_bayou_pond_b

Skill      XL: |  1  2 |
---------------+-------+-----
Stealth        | 6 7 |  7.2
Fighting       | |  1.5
Short Blades   | |  2.1
Throwing       | |  2.0
Dodging        | |  1.5

Action                   || total
-------------------------++-------
Melee: Dagger            ||    26
 Stab: Sleeping          ||     6
Armor: Robe              ||     3
Dodge: Dodged            ||    15

Vault maps used:
D:1:      dpeg_arrival_simpleton_c, hangedman_decor_clover_reticule
D:2:      bloody_trog, lemuel_doored_altar, first_bread
D:3:      grunt_temple_overflow_forces_of_nature, okawaru_altar_gauntlet_db,
          uniq_terence
D:4:      lemuel_round_altar, temple_fountains, uniq_grinder,
          uniq_blork_the_orc, uniq_natasha
D:6:      serial_bayou, serial_bayou_pond_c, serial_bayou_pond_e,
          serial_bayou_pond_b, serial_bayou_pond_b
